[Event "Titled Tuesday Blitz June 07 Late 2022"]
[White "Romanchuk, Viktor"]
[Black "Bringas Gomez, Artai"]
[WhiteFideId "14109271"]
[BlackFideId "24534064"]
[WhiteElo "2242"]
[BlackElo "1988"]
[Result "1/2-1/2"]
[Round "07"]
[TimeControl "180+1"]
[Date "2022.06.07"]
[WhiteClock "0:00:08"]
[BlackClock "0:00:16"]

1. d4 Nf6 2. c4 e6 3. Nc3 Bb4 4. e3 b6 5. Ne2 c5 6. a3 Ba5 7. Rb1 Na6 8. g3 Bb7 9. d5 b5 10. Bg2 bxc4 11. O-O O-O 12. e4 exd5 13. e5 Ng4 14. Nxd5 Nxe5 15. Ne7+ Qxe7 16. Bxb7 Rab8 17. Bg2 Rb3 18. Nf4 Nd3 19. Nxd3 Rxd3 20. Qa4 Qd8 21. Qxc4 Rd6 22. Bf4 Rb6 23. Rfd1 d6 24. Rd3 Nc7 25. b4 Ne6 26. Rdb3 cxb4 27. axb4 d5 28. Qxd5 Nxf4 29. gxf4 Qxd5 30. Bxd5 Rg6+ 31. Kf1 Bb6 32. b5 Rh6 33. h3 Rf6 34. Rf3 g6 35. f5 Kg7 36. fxg6 hxg6 37. Rxf6 Kxf6 38. Bc6 Rd8 39. Rb3 Rd1+ 40. Kg2 Rd6 41. Rf3+ Kg7 42. Be4 f5 43. Bd3 Kf6 44. Be2 Rd4 45. Rd3 Rf4 46. Rf3 Rb4 47. Rc3 Kg5 48. Rg3+ Kh6 49. Rc3 Re4 50. Kf1 Rf4 51. Rf3 Rh4 52. Rg3 g5 53. Kg2 Rf4 54. Rf3 Rxf3 55. Kxf3 Kg6 56. Bd3 Kf6 57. Be2 Ke5 58. Bd3 Bd8 59. Be2 Kd4 60. Bd1 Kc3 61. Be2 Kd4 62. Bd1 Ke5 63. Bc2 Ba5 64. Bd3 Be1 65. Bc2 Bd2 66. Bd3 Bf4 67. Bc2 Kf6 68. h4 Bc1 69. hxg5+ Kxg5 70. Bd3 Ba3 71. Bc2 Bc5 72. Bd3 Bb6 73. Bc2 Kf6 74. Bd3 Ke5 1/2-1/2


[Site "https://www.chess.com"]

[Event "Titled Tuesday Blitz June 07 Late 2022"]
[White "Rosen, Eric"]
[Black "Chigaev, Maksim"]
[WhiteFideId "2032562"]
[BlackFideId "4108116"]
[WhiteElo "2362"]
[BlackElo "2457"]
[Result "1-0"]
[Round "07"]
[TimeControl "180+1"]
[Date "2022.06.07"]
[WhiteClock "0:00:06"]
[BlackClock "0:00:04"]

1. d4 d5 2. Bf4 Nf6 3. e3 c5 4. Nf3 Nc6 5. Nbd2 e6 6. c3 Be7 7. Bd3 Nh5 8. Bg3 Nxg3 9. hxg3 h6 10. Qe2 Qc7 11. g4 e5 12. Nxe5 Nxe5 13. dxe5 Qxe5 14. Bb5+ Kf8 15. f4 Qe6 16. g5 c4 17. Nf3 Bc5 18. Nd4 Bxd4 19. exd4 Qxe2+ 20. Kxe2 Bf5 21. Kf2 a6 22. Ba4 b5 23. Bd1 Be4 24. Bf3 Bxf3 25. Kxf3 a5 26. Rae1 Rd8 27. Re5 b4 28. Rh3 h5 29. f5 f6 30. gxf6 gxf6 31. Re6 Kf7 32. Rg3 Rhg8 33. Rxg8 Rxg8 34. Rd6 a4 35. cxb4 a3 36. bxa3 Ra8 37. Rxd5 Rxa3+ 38. Ke4 Rxa2 39. Rc5 Rxg2 40. Rxc4 h4 41. Rc3 Rb2 42. Rh3 Rxb4 43. Rxh4 Ke7 44. Kd5 Rb5+ 45. Ke4 Rb1 46. Rh7+ Kf8 47. Kd5 Re1 48. Ra7 Ke8 49. Kd6 Re4 50. Ra8+ Kf7 51. Ra7+ Ke8 52. Kd5 Re1 53. Rh7 Kf8 54. Rh6 Kg7 55. Rh3 Rf1 56. Ke6 Re1+ 57. Kd6 Rf1 58. Rh5 Re1 59. d5 Kf7 60. Rh7+ Kg8 61. Rh6 Kg7 62. Rh3 Re5 63. Rf3 Kf7 64. Kc6 Re1 65. Kd7 Rc1 66. d6 Ra1 67. Rc3 Ra5 68. Kd8 Ra8+ 69. Kc7 Ra7+ 70. Kc8 Ra5 71. d7 Rxf5 72. d8=Q Re5 73. Qd7+ Kg6 74. Qg4+ Rg5 75. Qe4+ f5 76. Rc6+ Kh5 77. Qf3+ Kh4 78. Qh1+ Kg3 79. Rc3+ Kg4 80. Qg1+ Kh5 81. Rh3+ Kg6 82. Rg3 Rg4 83. Rxg4+ 1-0


[Site "https://www.chess.com"]

[Event "Titled Tuesday Blitz June 07 Late 2022"]
[White "Rustemov, Alexander"]
[Black "Bayo Milagro, Alvaro"]
[WhiteFideId "4119002"]
[BlackFideId "22275240"]
[WhiteElo "2769"]
[BlackElo "2270"]
[Result "1-0"]
[Round "07"]
[TimeControl "180+1"]
[Date "2022.06.07"]
[WhiteClock "0:00:24"]
[BlackClock "0:00:17"]

1. d4 Nf6 2. c4 g6 3. Nf3 Bg7 4. g3 O-O 5. Bg2 d6 6. Nc3 c6 7. O-O Qb6 8. h3 Qa6 9. Nd2 Nbd7 10. b3 e5 11. d5 cxd5 12. cxd5 Nc5 13. a4 Qa5 14. Nb5 Qd8 15. Nc4 Ne8 16. Ba3 b6 17. b4 Na6 18. Rc1 Bb7 19. e4 Bc8 20. Qe2 f5 21. Rc3 f4 22. Rfc1 Rf6 23. g4 Bd7 24. Nd2 g5 25. Nxd6 Nxd6 26. Qxa6 b5 27. Rc7 Ne8 28. Rxd7 Qxd7 29. Qxb5 Qxb5 30. axb5 Rb8 31. Nf3 Rg6 32. Bf1 Nd6 33. Rc7 Nxb5 34. Bxb5 Rxb5 35. Rxa7 Bf8 36. Nxe5 Rg7 37. Ra8 Re7 38. Nc6 Rxe4 39. d6 Rd5 40. Ne7+ 1-0


[Site "https://www.chess.com"]

[Event "Titled Tuesday Blitz June 07 Late 2022"]
[White "Rychagov, Andrey"]
[Black "Hosseinzadeh, Nima"]
[WhiteFideId "4119932"]
[BlackFideId "12505323"]
[WhiteElo "2460"]
[BlackElo "2066"]
[Result "1-0"]
[Round "07"]
[TimeControl "180+1"]
[Date "2022.06.07"]
[WhiteClock "0:00:05"]
[BlackClock "0:00:02"]

1. d4 Nf6 2. c4 e6 3. Nf3 b6 4. a3 Bb7 5. Nc3 d5 6. Bg5 Nbd7 7. cxd5 exd5 8. e3 Be7 9. Bd3 O-O 10. O-O h6 11. Bf4 Ne4 12. Rc1 a6 13. Bb1 Re8 14. Qd3 c5 15. Ne5 Nxe5 16. Bxe5 c4 17. Qc2 b5 18. f3 Nf6 19. Bxf6 Bxf6 20. Qh7+ Kf8 21. Rfe1 Qb6 22. Kh1 Bg5 23. f4 Bh4 24. g3 Bf6 25. e4 Bxd4 26. Nxd5 Bxd5 27. Qh8+ Ke7 28. exd5+ Be3 29. Qxg7 Kd8 30. Qxf7 Ra7 31. Qf5 Bxc1 32. Rxc1 Rae7 33. Kg2 Re2+ 34. Kh3 Qf2 35. Qf6+ Kc7 36. Qc6+ Kb8 37. Bg6 Qxh2+ 38. Kg4 Rg8 39. Qb6+ Ka8 40. Qxa6+ Kb8 41. Qxb5+ Ka8 42. Qa6+ Kb8 43. f5 h5+ 44. Kf4 Qf2+ 45. Kg5 Qxg3+ 46. Kh6 Qf4+ 47. Kh7 Ree8 48. Qb6+ Ka8 49. Qc6+ Kb8 50. Qb6+ Ka8 51. Qa5+ Kb8 52. Qb4+ Ka8 53. Qa4+ Kb8 54. Qxc4 1-0


[Site "https://www.chess.com"]

[Event "Titled Tuesday Blitz June 07 Late 2022"]
[White "Sadhwani, Raunak"]
[Black "Barp, Alberto"]
[WhiteFideId "35093487"]
[BlackFideId "872555"]
[WhiteElo "2616"]
[BlackElo "2229"]
[Result "1/2-1/2"]
[Round "07"]
[TimeControl "180+1"]
[Date "2022.06.07"]
[WhiteClock "0:00:07"]
[BlackClock "0:00:04"]

1. e4 c5 2. Nf3 a6 3. c3 d5 4. exd5 Qxd5 5. d4 Nf6 6. Na3 e6 7. Nc4 Nbd7 8. a4 b6 9. Ne3 Qh5 10. Be2 Bb7 11. Ne5 Qh4 12. g3 Qh3 13. Nxd7 Bxh1 14. Nxf6+ gxf6 15. Bf3 Qxh2 16. Bxa8 Bxa8 17. Qe2 Bh6 18. Nf1 Qh1 19. Bxh6 Qxh6 20. Qxa6 O-O 21. Qxb6 cxd4 22. Qxd4 Qh5 23. Qxf6 Rb8 24. Rd1 Bd5 25. b4 Rc8 26. a5 Rc4 27. Ne3 Re4 28. Rd4 Qh1+ 29. Kd2 Qb1 30. Qg5+ Kf8 31. Qd8+ Kg7 32. Rxe4 Bxe4 33. Qd4+ f6 34. a6 Qa2+ 35. Ke1 Bf3 36. Qd7+ Kg6 37. Qd3+ Kf7 38. Nc2 Qb1+ 39. Kd2 Qd1+ 40. Ke3 Qh1 41. a7 e5 42. Qd7+ Kg6 43. Qe8+ Kh6 44. Qf8+ Kg6 45. Qg8+ Kh6 46. Qf7 Kg5 47. Qg7+ Kf5 48. g4+ Bxg4 49. Qd7+ Kg5 50. Qg7+ Kf5 51. Qd7+ Kg5 52. Qd3 Qf3+ 53. Kd2 Qd1+ 54. Ke3 Qf3+ 55. Kd2 Qd1+ 56. Ke3 Qf3+ 1/2-1/2


[Site "https://www.chess.com"]

[Event "Titled Tuesday Blitz June 07 Late 2022"]
[White "Sargsyan, Anna M."]
[Black "Moroni, Luca Jr"]
[WhiteFideId "13308130"]
[BlackFideId "865834"]
[WhiteElo "2271"]
[BlackElo "2573"]
[Result "0-1"]
[Round "07"]
[TimeControl "180+1"]
[Date "2022.06.07"]
[WhiteClock "0:00:05"]
[BlackClock "0:00:11"]

1. d4 g6 2. c4 Bg7 3. g3 d6 4. Bg2 Nc6 5. d5 Ne5 6. f4 Ng4 7. e4 h5 8. h3 N4h6 9. Nf3 Nf6 10. Nc3 c6 11. e5 Nh7 12. dxc6 O-O 13. O-O bxc6 14. exd6 exd6 15. Kh2 Rb8 16. Nd4 h4 17. g4 Bd7 18. Nxc6 Bxc6 19. Bxc6 Qb6 20. Bg2 Rfe8 21. Nd5 Qc5 22. f5 Be5+ 23. Kh1 g5 24. Qc2 Rbc8 25. Be3 Qxc4 26. Qxc4 Rxc4 27. Rac1 Rxc1 28. Rxc1 Bxb2 29. Rc7 Nf6 30. Bxg5 Re1+ 31. Kh2 Be5+ 32. Nf4 Kg7 33. Bf3 Ne4 34. f6+ Kh7 35. Bxe4+ Rxe4 36. Kg2 d5 37. Bxh6 Bxc7 38. Nxd5 Kxh6 39. Nxc7 Ra4 40. Nd5 Rxa2+ 41. Kf3 Ra4 42. Ne3 Kg5 43. Nf5 Rf4+ 44. Ke3 Rxf5 45. gxf5 Kxf5 0-1


[Site "https://www.chess.com"]

[Event "Titled Tuesday Blitz June 07 Late 2022"]
[White "Shimanov, Aleksandr"]
[Black "Bortnyk, Olexandr"]
[WhiteFideId "4198603"]
[BlackFideId "14120828"]
[WhiteElo "2605"]
[BlackElo "2723"]
[Result "1-0"]
[Round "07"]
[TimeControl "180+1"]
[Date "2022.06.07"]
[WhiteClock "0:00:56"]
[BlackClock "0:00:02"]

1. b3 e5 2. Bb2 Nc6 3. c4 a6 4. e3 Nf6 5. Nf3 Bd6 6. Nc3 Qe7 7. d3 Ba3 8. Bxa3 Qxa3 9. Be2 d6 10. O-O O-O 11. Nd2 Bf5 12. Nd5 Nxd5 13. cxd5 Ne7 14. e4 Bd7 15. Rc1 Rfc8 16. Nc4 Qb4 17. a3 Qc5 18. Nxe5 Qxc1 19. Qxc1 dxe5 20. Qb2 f6 21. d4 exd4 22. Qxd4 Ng6 23. f4 c5 24. Qc3 Re8 25. Bd3 Rac8 26. e5 fxe5 27. Bxg6 hxg6 28. fxe5 b5 29. e6 Bxe6 30. dxe6 Rxe6 31. Re1 Rd6 32. Qe5 Rcd8 33. Qxc5 Rd2 34. Qc6 R8d6 35. Qa8+ Kh7 36. h3 Rd8 37. Qxa6 Rb2 38. Qxb5 Rdd2 39. Qb7 Ra2 40. a4 Rdb2 41. Re7 Kh6 42. Rxg7 1-0


[Site "https://www.chess.com"]

[Event "Titled Tuesday Blitz June 07 Late 2022"]
[White "Silva, Miguel Antonio Neto"]
[Black "Vasquez Schroeder, Rodrigo"]
[WhiteFideId "1911929"]
[BlackFideId "3400042"]
[WhiteElo "2204"]
[BlackElo "2567"]
[Result "1/2-1/2"]
[Round "07"]
[TimeControl "180+1"]
[Date "2022.06.07"]
[WhiteClock "0:00:29"]
[BlackClock "0:00:26"]

1. d4 Nf6 2. c4 g6 3. Nc3 Bg7 4. e4 d6 5. Be2 O-O 6. Nf3 e5 7. O-O Nc6 8. d5 Ne7 9. b4 a5 10. bxa5 Rxa5 11. a4 Ne8 12. Ba3 b6 13. Bb4 Ra8 14. Nb5 Bd7 15. a5 bxa5 16. Rxa5 Bxb5 17. Rxb5 c5 18. Bc3 Nf6 19. Qc2 Bh6 20. Rfb1 Nh5 21. Rb7 Nf4 22. Bf1 Kh8 23. Nxe5 dxe5 24. Bxe5+ f6 25. Bc7 Qc8 26. Bxf4 Bxf4 27. Rxe7 Rb8 28. g3 Be5 29. Rxb8 Qxb8 30. Qa4 Rd8 31. Qc6 Bd4 32. Qc7 Qxc7 33. Rxc7 Rb8 34. d6 Rd8 35. d7 Kg7 36. Bh3 Kf7 37. Rc8 Ke7 38. Rxd8 Kxd8 39. Kf1 Ke7 40. Ke2 h5 41. f4 Bg1 42. Kf1 Bd4 43. g4 h4 44. Ke2 g5 45. fxg5 fxg5 46. Bf1 Kxd7 47. h3 Kd6 48. Kf3 Ke5 49. Bd3 Bc3 50. Be2 Kd4 51. Bf1 Be1 52. Be2 Bg3 53. Bf1 Be5 54. Be2 Kc3 55. Bf1 Kd2 56. Be2 Ke1 57. Bd3 Bd4 58. Be2 Be5 59. Bd3 Kd2 60. Be2 Ke1 1/2-1/2


[Site "https://www.chess.com"]

[Event "Titled Tuesday Blitz June 07 Late 2022"]
[White "Sjugirov, Sanan"]
[Black "Urazayev, Arystanbek"]
[WhiteFideId "4189302"]
[BlackFideId "13709810"]
[WhiteElo "2602"]
[BlackElo "2422"]
[Result "1/2-1/2"]
[Round "07"]
[TimeControl "180+1"]
[Date "2022.06.07"]
[WhiteClock "0:00:13"]
[BlackClock "0:01:31"]

1. Nf3 d5 2. g3 Nf6 3. Bg2 e6 4. O-O Be7 5. c4 O-O 6. b3 a5 7. Nc3 c6 8. d4 b6 9. Bf4 Ba6 10. Qd3 b5 11. cxb5 cxb5 12. Nxb5 Qb6 13. a4 Nc6 14. Bd2 Ne4 15. Rfc1 Na7 16. Ne5 Nxb5 17. axb5 Bxb5 18. Qe3 Nxd2 19. Qxd2 Bb4 20. Qd1 Rac8 21. e3 g6 22. Bf1 Bd6 23. Bxb5 Qxb5 24. Nd3 Kg7 25. Kg2 h5 26. h4 Rxc1 27. Rxc1 Rb8 28. Rc3 Bb4 29. Rc7 Bd6 30. Rc3 Bb4 31. Nxb4 Qxb4 32. Qc2 Rb7 33. Qd3 Rb8 34. Qc2 Rb7 35. Qd3 Rb8 36. Qc2 1/2-1/2


[Site "https://www.chess.com"]

[Event "Titled Tuesday Blitz June 07 Late 2022"]
[White "Slugin, Sergey"]
[Black "Steinberg, Nitzan"]
[WhiteFideId "4122569"]
[BlackFideId "2801795"]
[WhiteElo "2358"]
[BlackElo "2471"]
[Result "1-0"]
[Round "07"]
[TimeControl "180+1"]
[Date "2022.06.07"]
[WhiteClock "0:00:14"]
[BlackClock "0:00:11"]

1. c4 g6 2. Nf3 Bg7 3. g3 e5 4. Nc3 Nc6 5. Bg2 Nge7 6. O-O O-O 7. e3 f5 8. d4 e4 9. Nd2 Kh8 10. f3 exf3 11. Nxf3 d6 12. b3 Rb8 13. Bb2 a6 14. a4 b6 15. Qd2 Bb7 16. Ng5 Qd7 17. d5 Ne5 18. Ne6 Bh6 19. Nxf8 Rxf8 20. Ne2 Kg8 21. Nf4 Re8 22. Ne6 Nc8 23. Qc3 Bg7 24. Nxg7 Qxg7 25. Rae1 Ne7 26. e4 Bc8 27. a5 bxa5 28. Qxa5 Nxc4 29. bxc4 Qxb2 30. Qxc7 fxe4 31. Qxd6 Nf5 32. Qc6 Qd4+ 33. Kh1 Ng7 34. d6 Bf5 35. c5 Rc8 36. Rxe4 Qd3 37. Qb7 Rxc5 38. Re7 Qd4 39. d7 Ne6 40. Re8+ Nf8 41. Rxf8+ Kxf8 42. Qb8+ Ke7 43. Qe8+ 1-0


[Site "https://www.chess.com"]

[Event "Titled Tuesday Blitz June 07 Late 2022"]
[White "Tahbaz, Arash"]
[Black "Svane, Rasmus"]
[WhiteFideId "12528846"]
[BlackFideId "4657101"]
[WhiteElo "2389"]
[BlackElo "2674"]
[Result "1/2-1/2"]
[Round "07"]
[TimeControl "180+1"]
[Date "2022.06.07"]
[WhiteClock "0:00:09"]
[BlackClock "0:00:03"]

1. Nf3 d5 2. g3 g6 3. Bg2 Bg7 4. O-O e5 5. d3 Nc6 6. e4 dxe4 7. dxe4 Qxd1 8. Rxd1 Bg4 9. c3 f6 10. Be3 Bh6 11. Bxh6 Nxh6 12. Na3 a6 13. Nc4 Be6 14. Ne3 Ne7 15. Nd5 Bxd5 16. exd5 Nf7 17. c4 O-O-O 18. Re1 c6 19. Rad1 cxd5 20. cxd5 Rhe8 21. Nd2 Nd6 22. f4 exf4 23. gxf4 Nef5 24. Kf2 Kb8 25. Ne4 Nxe4+ 26. Bxe4 Nd6 27. Bd3 Kc7 28. h4 Kd7 29. h5 gxh5 30. Rh1 Re7 31. Rxh5 Rc8 32. Rh6 f5 33. Rf6 Ne4+ 34. Bxe4 fxe4 35. d6 Rg7 36. Ke3 Re8 37. f5 Rg3+ 38. Kf2 Rd3 39. Rh1 e3+ 40. Ke2 Rd2+ 41. Kf3 e2 42. Re1 Rxb2 43. Rh6 Rxa2 44. Rxh7+ Kxd6 45. Rxb7 Re5 46. f6 Rf5+ 47. Ke3 Re5+ 48. Kd4 Ra4+ 49. Kc3 Rf4 50. Kd2 Rd4+ 51. Kc2 Kc6 52. Ra7 Kb6 53. Re7 Rxe7 54. fxe7 Re4 55. Kd3 Rxe7 56. Rxe2 Rc7 57. Rc2 Rxc2 58. Kxc2 a5 59. Kb3 a4+ 60. Ka3 Ka6 61. Ka2 a3 62. Kxa3 1/2-1/2


[Site "https://www.chess.com"]

[Event "Titled Tuesday Blitz June 07 Late 2022"]
[White "Tarigan, Gilbert Elroy"]
[Black "Rasulov, Vugar"]
[WhiteFideId "7108133"]
[BlackFideId "13402390"]
[WhiteElo "1908"]
[BlackElo "2560"]
[Result "1-0"]
[Round "07"]
[TimeControl "180+1"]
[Date "2022.06.07"]
[WhiteClock "0:00:07"]
[BlackClock "0:00:19"]

1. e4 e5 2. Nf3 Nc6 3. Bb5 a6 4. Ba4 d6 5. O-O g6 6. d4 exd4 7. Nxd4 Bd7 8. Nxc6 Bxc6 9. Bxc6+ bxc6 10. Qd4 Qf6 11. Qc4 Ne7 12. e5 dxe5 13. Nc3 Qe6 14. Qxe6 fxe6 15. Ne4 Nf5 16. Be3 Bd6 17. g4 Nd4 18. c3 Ne2+ 19. Kg2 Nf4+ 20. Bxf4 exf4 21. Rad1 Ke7 22. Rfe1 h6 23. h4 a5 24. Nd2 a4 25. Nc4 Rhd8 26. Re4 g5 27. Rde1 f3+ 28. Kh3 Kd7 29. Rxe6 gxh4 30. Rxh6 Rh8 31. Ree6 a3 32. b3 Rxh6 33. Rxh6 Re8 34. Rh7+ Kc8 35. Nxd6+ cxd6 36. Ra7 Re2 37. Rxa3 Rxf2 38. Kxh4 Kb7 39. Kg3 Rf1 40. Ra4 d5 41. Rf4 Ra1 42. Rxf3 Rxa2 43. g5 Ra1 44. Kg4 c5 45. g6 Rg1+ 46. Rg3 Re1 47. g7 Re8 48. Kf5 Rg8 49. Ke6 d4 50. cxd4 cxd4 51. Kf7 d3 52. Kxg8 d2 53. Rd3 d1=Q 54. Rxd1 1-0


[Site "https://www.chess.com"]

[Event "Titled Tuesday Blitz June 07 Late 2022"]
[White "Terry, Renato"]
[Black "Holt, Conrad"]
[WhiteFideId "3803457"]
[BlackFideId "2034387"]
[WhiteElo "2577"]
[BlackElo "2586"]
[Result "1-0"]
[Round "07"]
[TimeControl "180+1"]
[Date "2022.06.07"]
[WhiteClock "0:00:26"]
[BlackClock "0:00:01"]

1. d4 d5 2. Nf3 Nf6 3. c4 c6 4. Nc3 dxc4 5. a4 Bf5 6. Ne5 Nbd7 7. Nxc4 Nb6 8. Ne5 a5 9. e3 g6 10. Bd3 Be6 11. O-O Bg7 12. h3 Nfd7 13. Nf3 O-O 14. Qe2 c5 15. Ng5 Bb3 16. Ra3 c4 17. Be4 e5 18. Nf3 exd4 19. exd4 Re8 20. Qd2 Nxa4 21. Bxb7 Rb8 22. Bc6 Nxc3 23. Qxc3 Bf8 24. d5 Re4 25. Ng5 Re8 26. Bf4 Bg7 27. Qc1 Rb6 28. Bd2 a4 29. Ba5 Re7 30. Bxa4 Bxa4 31. Rxa4 1-0


[Site "https://www.chess.com"]

[Event "Titled Tuesday Blitz June 07 Late 2022"]
[White "Wieczorek, Oskar"]
[Black "Adla, Diego"]
[WhiteFideId "1133950"]
[BlackFideId "100072"]
[WhiteElo "2330"]
[BlackElo "2377"]
[Result "1-0"]
[Round "07"]
[TimeControl "180+1"]
[Date "2022.06.07"]
[WhiteClock "0:00:17"]
[BlackClock "0:00:43"]

1. e4 e5 2. Nf3 Nc6 3. Nc3 Nf6 4. h3 d5 5. exd5 Nxd5 6. Bb5 Nxc3 7. bxc3 Bd6 8. O-O O-O 9. d4 exd4 10. cxd4 Ne7 11. Bd3 Bf5 12. Rb1 Rb8 13. c4 c6 14. Re1 Bxd3 15. Qxd3 Qd7 16. Ng5 Qf5 17. Ne4 Rfd8 18. Rb3 Ng6 19. Bg5 Nf4 20. Qf3 Qa5 21. Rbb1 Re8 22. Bxf4 Bxf4 23. Qxf4 f5 24. Nd2 Qxa2 25. Rxe8+ Rxe8 26. Rxb7 h6 27. Nf3 Qxc4 28. Qc7 1-0


[Site "https://www.chess.com"]

[Event "Titled Tuesday Blitz June 07 Late 2022"]
[White "Yurasova, Daria"]
[Black "Moussard, Jules"]
[WhiteFideId "34146919"]
[BlackFideId "642908"]
[WhiteElo "2021"]
[BlackElo "2589"]
[Result "0-1"]
[Round "07"]
[TimeControl "180+1"]
[Date "2022.06.07"]
[WhiteClock "0:00:02"]
[BlackClock "0:01:09"]

1. e4 d5 2. exd5 Qxd5 3. Nc3 Qd6 4. d4 Nf6 5. Nf3 a6 6. Ne5 Nc6 7. Bf4 Qxd4 8. Nxc6 Qxd1+ 9. Rxd1 bxc6 10. Bxc7 Be6 11. Bxa6 Nd5 12. Bb7 Kd7 13. Bxa8 Kxc7 14. Nxd5+ Bxd5 15. Rxd5 cxd5 16. Bxd5 e6 17. Bb3 Bc5 18. O-O Rd8 19. Bc4 Rd2 20. Bd3 f5 21. a3 g6 22. b4 Bd4 23. g4 Kd6 24. a4 fxg4 25. b5 Bb6 26. Kg2 h5 27. Kg3 g5 28. f3 gxf3 29. Rxf3 Ke7 30. Rf1 Bc7+ 31. Kf3 Rxh2 32. Ke4 Rh4+ 33. Ke3 Rxa4 34. Bg6 Bf4+ 35. Kd3 h4 36. c4 Kd6 37. Kc3 Kc5 38. Bd3 Ra3+ 39. Kc2 h3 40. Re1 h2 41. Be4 Kxc4 42. Bh1 Ra2+ 43. Kd1 Rd2+ 44. Kc1 Kc3 45. Be4 Re2+ 46. Kd1 Rxe4 47. Rxe4 h1=Q+ 0-1


[Site "https://www.chess.com"]

[Event "Titled Tuesday Blitz June 07 Late 2022"]
[White "Zhigalko, Sergei"]
[Black "Tanenbaum, Zachary"]
[WhiteFideId "13502956"]
[BlackFideId "2060850"]
[WhiteElo "2662"]
[BlackElo "2175"]
[Result "1-0"]
[Round "07"]
[TimeControl "180+1"]
[Date "2022.06.07"]
[WhiteClock "0:00:37"]
[BlackClock "0:00:15"]

1. e4 e5 2. Nf3 Nc6 3. Bb5 a6 4. Ba4 d6 5. O-O Nf6 6. Re1 Be7 7. c3 O-O 8. h3 b5 9. Bc2 Nb8 10. d4 Nbd7 11. Nbd2 Bb7 12. Nf1 Re8 13. Ng3 Bf8 14. a4 g6 15. Bd3 c6 16. Bg5 Bg7 17. Qd2 Qe7 18. Rad1 Qf8 19. Qc2 Rac8 20. Bf1 Nb6 21. b3 Nbd7 22. Qc1 Nb6 23. dxe5 dxe5 24. Be3 Nbd7 25. c4 bxa4 26. bxa4 Nc5 27. a5 Ncxe4 28. Nxe4 Nxe4 29. Qb1 Nc3 30. Qxb7 Nxd1 31. Rxd1 Qa3 32. Bb6 Bf6 33. Rd7 Rf8 34. Rxf7 Rxf7 35. Qxc8+ Kg7 36. Qxc6 Qb2 37. Be3 Qc2 38. c5 e4 39. Nd4 Bxd4 40. Bxd4+ Kg8 41. Qa8+ Rf8 42. Qd5+ Rf7 43. Qa8+ Rf8 44. Qxa6 Qd2 45. Bc4+ 1-0


[Site "https://www.chess.com"]

[Event "Titled Tuesday Blitz June 07 Late 2022"]
[White "Abarca Gonzalez, Nicolas"]
[Black "Zhigalko, Sergei"]
[WhiteFideId "3409422"]
[BlackFideId "13502956"]
[WhiteElo "2504"]
[BlackElo "2662"]
[Result "1-0"]
[Round "08"]
[TimeControl "180+1"]
[Date "2022.06.07"]
[WhiteClock "0:00:33"]
[BlackClock "0:00:02"]

1. e4 c5 2. Nf3 Nc6 3. Bb5 Nf6 4. Bxc6 dxc6 5. e5 Nd5 6. O-O h6 7. c4 Nb4 8. d4 Bf5 9. Na3 e6 10. Be3 Qa5 11. dxc5 Rd8 12. Bd2 Bxc5 13. Qb3 Rd3 14. Bc3 Qb6 15. Ne1 Rd7 16. Bxb4 Qxb4 17. Nac2 Qb6 18. Qc3 a5 19. b3 O-O 20. a3 Rfd8 21. b4 axb4 22. axb4 Be7 23. c5 Qb5 24. Na3 Qe2 25. Nc4 Bd3 26. Nxd3 Rxd3 27. Qc1 Bg5 28. Qb1 Rc3 29. Nd6 Qxe5 30. Nxb7 Rb8 31. Nd6 Qd4 32. Ra4 Qd5 33. Qa1 Rb3 34. Ra8 Rxb4 35. Qa7 1-0


[Site "https://www.chess.com"]

[Event "Titled Tuesday Blitz June 07 Late 2022"]
[White "Adewumi, Tanitoluwa"]
[Black "Hjartarson, Johann"]
[WhiteFideId "30966396"]
[BlackFideId "2300044"]
[WhiteElo "2549"]
[BlackElo "2458"]
[Result "1-0"]
[Round "08"]
[TimeControl "180+1"]
[Date "2022.06.07"]
[WhiteClock "0:00:06"]
[BlackClock "0:00:01"]

1. e4 Nf6 2. e5 Nd5 3. d4 d6 4. Nf3 Bg4 5. Be2 e6 6. O-O Be7 7. c4 Nb6 8. exd6 cxd6 9. Be3 O-O 10. Nbd2 Nc6 11. Rc1 d5 12. h3 Bf5 13. a3 dxc4 14. Nxc4 Nd5 15. Qb3 Rb8 16. Nfe5 Nxe5 17. Nxe5 Bd6 18. Bf3 Nxe3 19. fxe3 Bxe5 20. dxe5 Qg5 21. Kf2 b6 22. Qc4 h5 23. Qf4 Qxf4 24. exf4 h4 25. Rc7 Rfc8 26. Rfc1 Rxc7 27. Rxc7 a5 28. b4 axb4 29. axb4 Kf8 30. Ke3 Rd8 31. Be2 Rb8 32. b5 Ra8 33. Rb7 Ra3+ 34. Kf2 Ra2 35. Ke3 Ra3+ 36. Kd4 Ra4+ 37. Bc4 Be4 38. Kxe4 Rxc4+ 39. Kf3 Rc3+ 40. Kf2 Rc2+ 41. Kf3 Rc3+ 42. Kg4 Rg3+ 43. Kxh4 Rxg2 44. Rxb6 g6 45. Rc6 Rb2 46. b6 Rb3 47. Kg4 Kg7 48. h4 Rb1 49. Kf3 Rb4 50. Ke3 Kf8 51. Kd3 Ke7 52. Kc3 Rb1 53. Rc7+ Kd8 54. Rxf7 Rxb6 55. Rf6 Ke7 56. Rxg6 Rb1 57. h5 Rh1 58. h6 Rh4 59. Rf6 Kd7 60. Kd4 Ke7 61. Ke3 Rh3+ 62. Kf2 Rh5 63. Kg3 Rh1 64. Kg4 Rg1+ 65. Kh5 Rh1+ 66. Kg6 Rg1+ 67. Kh7 Rg4 68. Rg6 Rxf4 69. Kg8 Rf8+ 70. Kg7 Rf7+ 71. Kh8 1-0


[Site "https://www.chess.com"]

[Event "Titled Tuesday Blitz June 07 Late 2022"]
[White "Ambartsumova, Karina"]
[Black "Yuan, Qingyu"]
[WhiteFideId "4166299"]
[BlackFideId "8609772"]
[WhiteElo "2262"]
[BlackElo "2359"]
[Result "0-1"]
[Round "08"]
[TimeControl "180+1"]
[Date "2022.06.07"]
[WhiteClock "0:00:01"]
[BlackClock "0:00:09"]

1. d4 d5 2. Nf3 Nf6 3. c4 e6 4. Nc3 a6 5. cxd5 exd5 6. Bg5 Be6 7. e3 Nbd7 8. Bd3 Bd6 9. O-O c6 10. Rb1 Bg4 11. b4 O-O 12. a4 Re8 13. Qc2 h6 14. Bh4 Bxf3 15. gxf3 b5 16. Kh1 Nb6 17. Rg1 Kh8 18. Rg2 Be7 19. Ne2 Nc4 20. Bxc4 bxc4 21. Nf4 g5 22. Bxg5 hxg5 23. Rxg5 Rg8 24. Rbg1 Qf8 25. R5g3 Rxg3 26. Rxg3 Nh7 27. Qf5 Bd6 28. Rh3 Qg7 29. Nh5 Qg6 30. Qd7 Rg8 31. Ng3 c3 32. Qxc6 Bxg3 0-1


[Site "https://www.chess.com"]

[Event "Titled Tuesday Blitz June 07 Late 2022"]
[White "Andreikin, Dmitry"]
[Black "Nakamura, Hikaru"]
[WhiteFideId "4158814"]
[BlackFideId "2016192"]
[WhiteElo "2736"]
[BlackElo "2850"]
[Result "1/2-1/2"]
[Round "08"]
[TimeControl "180+1"]
[Date "2022.06.07"]
[WhiteClock "0:00:04"]
[BlackClock "0:00:37"]

1. d4 f5 2. Nf3 Nf6 3. Bg5 d6 4. Bxf6 exf6 5. e3 g6 6. c4 c6 7. Nc3 Be6 8. g3 Bf7 9. Nd2 Be7 10. Bg2 Nd7 11. b4 a6 12. O-O h5 13. a4 Qc7 14. b5 O-O 15. Qb3 axb5 16. axb5 Rfc8 17. Rxa8 Rxa8 18. Rb1 Rc8 19. h4 Kg7 20. bxc6 bxc6 21. Qb7 Bd8 22. Qa6 Nb8 23. Qa8 Nd7 24. Qa6 Nb8 25. Qb7 Qxb7 26. Rxb7 Ba5 27. Ncb1 Kf8 28. Nb3 Bd8 29. N1d2 Na6 30. Bf3 c5 31. Rxf7+ Kxf7 32. Bb7 Rb8 33. Bxa6 Bb6 34. Bb5 Ra8 35. dxc5 dxc5 36. Nf3 Ra3 37. Nbd2 Ba5 38. Bc6 Ra2 39. Nf1 Bb4 40. Bd5+ Kg7 41. Kg2 Rc2 42. Be6 Ra2 43. N1h2 Rc2 44. Ng1 Ra2 45. Nh3 Bd2 46. Nf1 Bc3 47. Kf3 Be1 48. Kg2 g5 49. hxg5 fxg5 50. Nxg5 Rxf2+ 51. Kg1 Kf6 52. Nh3 Ra2 53. Nf4 h4 54. gxh4 Bxh4 55. Bd5 Bf2+ 56. Kh1 Ra3 57. Ne6 Bxe3 58. Nxe3 Rxe3 59. Nxc5 Ke5 60. Kg2 Rc3 61. Kf2 Rxc4 62. Bxc4 Kd4 63. Be6 Kxc5 64. Bxf5 1/2-1/2


[Site "https://www.chess.com"]

[Event "Titled Tuesday Blitz June 07 Late 2022"]
[White "Araujo Sanchez, Josue"]
[Black "Yurasova, Daria"]
[WhiteFideId "6416896"]
[BlackFideId "34146919"]
[WhiteElo "2339"]
[BlackElo "2021"]
[Result "1-0"]
[Round "08"]
[TimeControl "180+1"]
[Date "2022.06.07"]
[WhiteClock "0:01:00"]
[BlackClock "0:00:14"]

1. c4 c5 2. Nf3 b6 3. g3 Bb7 4. Bg2 e6 5. O-O Nf6 6. Nc3 Be7 7. d4 cxd4 8. Qxd4 O-O 9. Bf4 d6 10. Qd3 Na6 11. Rad1 Nc5 12. Qc2 a6 13. b4 Nce4 14. Nd4 Nxc3 15. Bxb7 Nxd1 16. Bxa8 Qxa8 17. Rxd1 Rc8 18. Qb3 Bf8 19. Bg5 Nd7 20. c5 d5 21. cxb6 Nxb6 22. Nf3 Nc4 23. a3 Qb7 24. Qa4 Qb5 25. Qxb5 axb5 26. Bc1 Ra8 27. Rd3 f6 28. Nd4 e5 29. Nxb5 d4 30. Kf1 Nb6 31. Ke1 Rc8 32. Rd1 Kf7 33. e3 dxe3 34. Bxe3 Ke6 35. Bxb6 1-0


[Site "https://www.chess.com"]